AoeStats
← GreatPerson25

Arabian Desert

508972400Analyzed
1v1 RM · 7d ago on Sep 24, 2026· 58m 16s· 2 players
Game mode
Random Map
Map size
Tiny (2 player)
Population
200
Speed
Normal
Resources
Standard
Victory
Conquest
Starting age
Dark Age
Ending age
Imperial Age
RankedLock teamsTeams togetherTeam positionsShared explorationLock speedFull tech treeHidden civsTurbo modeCheats
Victory
Defeat
🇺🇸 Persians · United States
1661
+13
🇭🇰 Bohemians · Hong Kong SAR China
1601
-13
Cow
8:53 Feudal Age
9:34 Loom
9:12 Man-at-Arms
10:52 Double-Bit Axe
23:05 Castle Age
25:47 Scale Barding Armor
33:42 Chain Barding Armor
37:10 Husbandry
42:52 Wheelbarrow
46:01 Imperial Age
44:52 Hand Cart
44:19 Pikeman
45:03 Scale Mail Armor
45:21 Bow Saw
45:35 Squires
46:03 Chain Mail Armor
47:33 Plate Mail Armor
46:27 Halberdier
47:50 Long Swordsman
47:56 Elite Hussite Wagon
48:56 Conscription
49:37 Forging
57:01 Light Cavalry
GreatPerson25
5:47 Loom
8:35 Feudal Age
10:54 Double-Bit Axe
13:36 Fletching
17:49 Padded Archer Armor
23:53 Forging
25:05 Horse Collar
25:18 Gold Mining
26:52 Wheelbarrow
30:27 Castle Age
31:08 Bodkin Arrow
30:54 Elite Skirmisher
31:02 Pikeman
32:28 Ballistics
34:10 Gold Shaft Mining
36:48 Bow Saw
38:02 Bloodlines
39:22 Scale Barding Armor
39:27 Husbandry
39:31 Town Watch
40:01 Hand Cart
39:50 Heavy Plow
43:55 Parthian Tactics
43:46 Leather Archer Armor
47:13 Imperial Age
46:59 Thumb Ring
47:29 Masonry
47:00 Heavy Cavalry Archer
48:45 Chemistry
53:10 Ring Archer Armor
54:11 Chain Barding Armor
55:19 Cavalier
Connection lost

Rejoining the realm…

Still unreachable

The connection could not be restored.

Session expired

The server has moved on; the page needs a fresh start.